 Dungeon Crawl Stone Soup version 0.26.1-11-gd32895ea62 (webtiles) character file.

Game seed: 6793312780556850861

48 Zeld the Shield-Bearer (level 3, 0/26 HPs)
             Began as an Octopode Fighter on May 11, 2021.
             Succumbed to an adder's poison
             ... on level 1 of the Dungeon.
             The game lasted 00:01:27 (1316 turns).

Zeld the Shield-Bearer (Octopode Fighter)           Turns: 1316, Time: 00:01:28

Health: 0/26       AC:  1    Str: 16    XL:     3   Next: 72%
Magic:  3/3        EV: 11    Int: 10    God:
Gold:   32         SH:  9    Dex: 11    Spells: 2/2 levels left

rFire    . . .     SeeInvis .   a - +0 war axe
rCold    . . .     Faith    .   b - +0 kite shield
rNeg     . . .     Spirit   .   (helmet restricted)
rPois    .         Reflect  .   (no amulet)
rElec    .         Harm     .   (no ring)
rCorr    .         Rampage  .   (no ring)
Will     .....                  (no ring)
Stlth    ++........             (no ring)
HPRegen  0.08/turn              (no ring)
MPRegen  0.08/turn              (no ring)
                                (no ring)
                                (no ring)

@: lethally poisoned (0 -> -7)
A: almost no armour, stealthy swim, amphibious, 8 rings, constrict 8, camouflage
1, gelatinous body 1
a: no special abilities


You were on level 1 of the Dungeon.
You visited 1 branch of the dungeon, and saw 2 of its levels.

You collected 32 gold pieces.

Inventory:

Hand Weapons
 a - a +0 war axe (weapon)
Armour
 b - a +0 kite shield (worn)
Scrolls
 e - 2 scrolls of amnesia {unknown}
 g - a scroll of teleportation {unknown}
 i - a scroll of identify {unknown}
Potions
 c - a potion of might
 d - a potion of resistance {unknown}
 f - 2 potions of heal wounds {unknown}
 h - a potion of cancellation {unknown}


   Skills:
 * Level 3.5 Fighting
 * Level 2.8 Axes
 - Level 3.0 Dodging
 * Level 3.5 Shields


You had 2 spell levels left.
You didn't know any spells.
Your spell library was empty.

Dungeon Overview and Level Annotations

Branches:
Dungeon (2/15)

Altars:


Innate Abilities, Weirdness & Mutations

You cannot wear most types of armour.
You are very stealthy in the water. (Stealth+)
You are amphibious.
You can wear up to eight rings at the same time.
You can use your tentacles to constrict eight enemies at once.
Your skin changes colour to match your surroundings (Stealth+).
Your rubbery body absorbs attacks. (AC +1, EV +1)


Message History

There is a stone staircase leading up here.
The adder bites you.
You are poisoned.
The adder poisons you!
You climb upwards.
You feel sick.
There is a stone staircase leading down here.
You are too injured to fight recklessly!
You are too injured to fight recklessly!
You closely miss the adder. You grab the adder. You constrict the adder.
You feel sick. The adder misses you. The adder bites you.
* * * LOW HITPOINT WARNING * * *
You barely miss the adder.
The adder is moderately wounded.
You constrict the adder. The adder closely misses you. The adder bites you.
* * * LOW HITPOINT WARNING * * *
You are more poisoned.
The adder poisons you!
You slash the adder!
You kill the adder!
You die...

.....##.#.#.................#.#
#..#....#.#############.#.....#
#..#....#...............#.#####
...####.####....#########.#
...........#....# ###
#######.##.#....#
......#.##.#....#
........##.#....##
........#.......@#
........#........######
........#.............#
......#.#........####.#
รท######.#........'..#.#
.#...##.#........##.#.#
.#.#.##.#........##.#.#
...#.##.#........##.#.#
.###.##.#........##.#.#


There were no monsters in sight!

Vanquished Creatures
  A gnoll (D:2)
  2 adders
  A dart slug (D:1)
  A leopard gecko (D:1)
  3 giant cockroaches
  A goblin (D:1)
  5 hobgoblins
  3 jackals (D:1)
  2 bats (D:1)
  4 frilled lizards
  2 kobolds (D:1)
  A rat (D:1)
26 creatures vanquished.

Notes
Turn   | Place    | Note
-------+----------+-------------------------------------------
     0 | D:1      | Zeld the Octopode Fighter began the quest for the Orb.
     0 | D:1      | Reached XP level 1. HP: 16/16 MP: 1/1
   147 | D:1      | Reached XP level 2. HP: 21/21 MP: 2/2
   952 | D:2      | Reached XP level 3. HP: 10/26 MP: 3/3
  1315 | D:1      | HP: 1/26 [adder (4)]
  1316 | D:1      | Succumbed to an adder's poison

Illustrated notes

Levels and vault maps discovered:
D:1:      wander_arrival_chamber, layout_basic
D:2:      layout_loops_ring, minmay_surrounded, uniq_natasha

Action                   || total
-------------------------++-------
Melee: War axe           ||    40
       Constrict         ||     9
       Tentacles         ||     5
 Stab: Sleeping          ||     5
Armor: Skin              ||     1
Dodge: Dodged            ||    21
Block: Kite shield       ||    18
